 Dungeon Crawl Stone Soup version 0.28-a0-1506-g3893175d92 (webtiles) character file.

Game seed: 8176103786316458692

3873 knot the Cleaver (level 10, 87/105 HPs)
             Began as a Demonspawn Berserker on Jan 14, 2022.
             Was a Believer of Trog.
             Quit the game on level 8 of the Dungeon.
             The game lasted 00:14:25 (10675 turns).

knot the Cleaver (Demonspawn Berserker)            Turns: 10675, Time: 00:14:26

Health: 87/105     AC: 11    Str: 18    XL:     10   Next: 0%
Magic:  10/10      EV: 11    Int: 13    God:    Trog [**....]
Gold:   487        SH:  0    Dex: 12    Spells: 9/9 levels left

rFire   . . .      SeeInvis +   q - +0 war axe
rCold   . . .      Faith    .   (no shield)
rNeg    . . .      Spirit   .   x - +0 acid dragon scales
rPois   .          Reflect  .   (helmet restricted)
rElec   .          Harm     .   (no cloak)
rCorr   +          Rampage  .   t - +2 pair of gloves
Will    .....                   w - +1 pair of boots
Stlth   ..........              (no amulet)
HPRegen 0.27/turn               b - ring of see invisible
MPRegen 0.12/turn               (no ring)

@: berserking, very quick
A: antennae 2, ignite blood 1
a: Renounce Religion, Berserk, Trog's Hand


You were on level 8 of the Dungeon.
You worshipped Trog.
Trog was pleased with you.
You visited 2 branches of the dungeon, and saw 9 of its levels.

You collected 487 gold pieces.

Inventory:

Hand Weapons
 q - a +0 war axe (weapon)
Missiles
 c - 146 stones (quivered)
 k - 2 boomerangs of dispersal
Armour
 t - a +2 pair of gloves (worn)
 w - a +1 pair of boots (worn)
 x - +0 acid dragon scales (worn)
Jewellery
 b - a ring of see invisible (left hand)
 l - a +6 ring of intelligence
Wands
 v - a wand of acid (1)
 y - a wand of iceblast (12)
Scrolls
 a - 2 scrolls of fog
 e - 5 scrolls of teleportation
 f - a scroll of magic mapping {unknown}
 h - 2 scrolls of enchant weapon
 j - 3 scrolls of blinking {unknown}
 n - 3 scrolls of immolation
 o - a scroll of enchant armour
 p - 2 scrolls of identify
 s - a scroll of noise {unknown}
 A - 2 scrolls of amnesia {unknown}
Potions
 d - a potion of haste {unknown}
 g - 2 potions of invisibility {unknown}
 i - 2 potions of degeneration
 m - a potion of lignification {unknown}
 u - a potion of magic {unknown}
 z - a potion of curing


   Skills:
 - Level 3.0 Fighting
 * Level 10.2 Axes
 * Level 8.8 Throwing
 - Level 1.7 Armour
 - Level 1.7 Dodging


You had 9 spell levels left.
You didn't know any spells.
Your spell library contained the following spells:

 Spells                   Type           Power      Damage    Failure   Level
 Summon Small Mammal      Summ           0%         N/A       38%         1
 Corpse Rot               Necr/Air       0%         N/A       52%         2
 Poisonous Vapours        Pois/Air       0%         N/A       52%         2
 Call Canine Familiar     Summ           0%         N/A       77%         3
 Summon Guardian Golem    Hex/Summ       0%         N/A       77%         3
 Orb of Destruction       Conj           0%         N/A       100%        7
 Spellforged Servitor     Conj/Summ      0%         N/A       100%        7


Dungeon Overview and Level Annotations

Branches:
Dungeon (8/15)             Temple (1/1) D:4
   Lair: D:8-11

Altars:
Ashenzari
Cheibriados
Dithmenos
Fedhas
Gozag
Hepliaklqana
Kikubaaqudgha
Makhleb
Okawaru
Qazlal
Ru
Sif Muna
Trog
Uskayaw
Vehumet
Wu Jian
Xom
Yredelemnul
Zin


Innate Abilities, Weirdness & Mutations

You have a pair of antennae on your head.
Your demonic aura sometimes causes spilled blood to erupt in flames.


Message History

You recover from your berserk rage.
You start resting.
HP restored.
Things that are here:
a +0 trident; a +0 scale mail
Things that are here:
a +0 club; a +0 flail An orc comes into view.
It is wielding a +0 flail.
There are monsters nearby!
The yak bellows! x2
A red film seems to cover your vision as you go berserk!
You feel yourself moving faster!
You feel mighty! The yak gores you but does no damage.
You slash the yak! You punch the yak.
The yak is moderately wounded.
You barely miss the yak. The yak gores you.
You slice the yak!!
The yak is severely wounded.
You closely miss the yak. The yak gores you.
The yak gores you but does no damage.
You slash the yak!
You kill the yak!
Trog accepts your kill.
You hit the yak. You slash the yak!
The yak is moderately wounded.
You slash the centaur zombie! The yak barely misses you.
You slash the yak!
The yak is heavily wounded.
You slash the centaur zombie! The centaur zombie closely misses you.
The centaur zombie kicks you but does no damage.
The yak gores you!
You slice the centaur zombie!!
You destroy the centaur zombie!
Trog accepts your kill.
You hit the yak. The yak gores you but does no damage.
You have reached level 10!
Your demonic ancestry asserts itself...
Your blood heats up.
Are you sure you want to abandon this character and quit the game? (Confirm with "yes".)

..................#.#
###.......#....#..#.#.#
..........####........#
.##.......####....#....
..........#.....#.#####
.##.......#.##.........
....#.#.........#.#####
####........†.....####
..........Y@........
.................####
......#...........####...
.....##........#.........
.... #........##.####.o
## ######)#.##..#
#)#.###.### #####
#)#.#.....#
#...###.#.#.#...#


You could see a yak.

Vanquished Creatures
  2 centaur zombies (D:8)
  Sigmund (D:3)
  5 yaks (D:8)
  A water moccasin (D:5)
  An acid dragon (D:6)
  An orc warrior (D:8)
  A sky beast (D:7)
  3 black bears
  2 ice beasts
  An ogre (D:5)
  A centaur (D:7)
  3 phantoms
  A bullfrog (D:7)
  A water moccasin zombie (D:5)
  6 scorpions
  A gnoll sergeant (D:5)
  A water moccasin skeleton (D:4)
  A bullfrog zombie (D:5)
  3 jellies
  2 hounds
  An orc priest (D:8)
  2 centaur skeletons (D:6)
  Jessica (D:2)
  2 iguanas (D:5)
  5 orc wizards
  A hound skeleton (D:4)
  8 adders
  13 gnolls
  A shadow imp (D:7)
  2 white imps
  An ufetubus (D:4)
  5 worms
  2 dart slugs
  19 orcs
  9 bats
  8 endoplasms
  5 giant cockroaches
  8 goblins
  4 hobgoblins
  8 jackals
  4 quokkas
  5 ball pythons
  2 frilled lizards (D:3)
  10 kobolds
  A quokka skeleton (D:4)
  4 rats
169 creatures vanquished.

Vanquished Creatures (others)
  A fungus (D:5)
1 creature vanquished.

Grand Total: 170 creatures vanquished

Notes
Turn   | Place    | Note
-------+----------+-------------------------------------------
     0 | D:1      | knot the Demonspawn Berserker began the quest for the Orb.
     0 | D:1      | Reached XP level 1. HP: 18/18 MP: 1/1
   352 | D:1      | Reached skill level 3 in Axes
   359 | D:1      | Gained mutation: You have a pair of small antennae on your
                  | head. [demonic ancestry]
   359 | D:1      | Reached XP level 2. HP: 12/24 MP: 2/2
  1011 | D:1      | Reached XP level 3. HP: 22/29 MP: 3/3
  1545 | D:2      | Noticed a scorpion
  1547 | D:2      | Noticed Jessica
  1559 | D:2      | Killed a scorpion
  1560 | D:2      | Reached skill level 4 in Axes
  1560 | D:2      | Reached XP level 4. HP: 18/35 MP: 4/4
  1968 | D:2      | Reached ** piety under Trog
  2048 | D:2      | Killed Jessica
  2049 | D:2      | Reached skill level 5 in Axes
  2049 | D:2      | Reached skill level 1 in Throwing
  2049 | D:2      | Reached XP level 5. HP: 41/41 MP: 5/5
  3592 | D:3      | Found a burning altar of Makhleb.
  3593 | D:3      | Noticed an Executioner
  3593 | D:3      | Noticed an angel
  4469 | D:3      | Found a hide-covered altar of Uskayaw.
  4472 | D:3      | Noticed Sigmund
  4482 | D:3      | Killed Sigmund
  4483 | D:3      | Reached XP level 6. HP: 47/47 MP: 6/6
  4724 | D:3      | Noticed a +0 dagger
  4725 | D:3      | Noticed a +0 dagger
  5172 | D:4      | Reached skill level 6 in Axes
  5639 | D:4      | Gained mutation: You have a pair of antennae on your head.
                  | [demonic ancestry]
  5639 | D:4      | Reached XP level 7. HP: 52/52 MP: 7/7
  5780 | D:4      | Found a staircase to the Ecumenical Temple.
  5790 | Temple   | Entered the Ecumenical Temple
  6628 | D:5      | Entered Level 5 of the Dungeon
  6785 | D:5      | Reached skill level 7 in Axes
  6785 | D:5      | Found a snail-covered altar of Cheibriados.
  6836 | D:5      | Found an ancient bone altar of Kikubaaqudgha.
  6954 | D:5      | Reached skill level 5 in Throwing
  6956 | D:5      | Reached XP level 8. HP: 31/58 MP: 8/8
  7803 | D:5      | Reached skill level 8 in Axes
  8484 | D:6      | Found a broken altar of Ashenzari.
  8497 | D:6      | Reached XP level 9. HP: 61/63 MP: 9/9
  9149 | D:7      | Found a shadowy altar of Dithmenos.
  9168 | D:7      | Reached skill level 9 in Axes
 10465 | D:8      | Reached skill level 10 in Axes
 10675 | D:8      | Gained mutation: Your demonic aura sometimes causes spilled
                  | blood to erupt in flames. [demonic ancestry]
 10675 | D:8      | Reached XP level 10. HP: 70/70 MP: 10/10
 10675 | D:8      | Quit the game

Illustrated notes

Levels and vault maps discovered:
D:1:      dpeg_arrival_solitude, layout_basic
D:2:      layout_basic, chequers_avenue, minmay_misc_feat_diagonals,
          minmay_pentomino_w4, uniq_jessica
D:3:      layout_loops_ring, grunt_temple_overflow_order_and_chaos_2,
          dancing_weapons_uskayaw, minivault_23, dk_noncrumbling_2, uniq_sigmund
D:4:      layout_basic, minmay_temple_entry_grid, minmay_between
D:5:      layout_rooms, nicolae_kikubaaqudgha_miasma_corner,
          mainiacjoe_overflow_boulevard, lightli_minifort
D:6:      layout_cave_pools, evilmike_ruin_ashenzari
D:7:      layout_basic, mainiacjoe_overflow_concentric_impassable
D:8:      layout_basic
Temple:   minmay_temple_bridge_abc

Skill      XL: |  1  2  3  4  5  6  7  8  9 |
---------------+----------------------------+-----
Axes           | 3 4 5 6 7 8 10 | 10.2
Throwing       | 1 3 5 6 8 |  8.8
Fighting       | |  3.0
Armour         | |  1.7
Dodging        | |  1.7

Action                   |  1- 3 |  4- 6 |  7- 9 | 10-12 || total
-------------------------+-------+-------+-------+-------++-------
Melee: Hand axe          |    77 |   131 |       |       ||   208
       Punch             |     2 |     4 |     7 |       ||    13
       War axe           |       |   100 |   336 |       ||   436
Throw: Stone             |       |     9 |    21 |       ||    30
Invok: Berserk           |     4 |    10 |    12 |       ||    26
       Trog's Hand       |       |       |     2 |       ||     2
Evoke: Wand              |       |       |    11 |       ||    11
  Use: Scroll            |       |     3 |     4 |       ||     7
       Potion            |       |       |     6 |       ||     6
Armor: Animal skin       |    13 |       |       |       ||    13
       Leather armour    |     2 |    52 |       |       ||    54
       Ring mail         |       |    31 |   106 |       ||   137
       Acid dragon scale |       |       |    91 |       ||    91
Dodge: Dodged            |    58 |   188 |   226 |       ||   472

Table legend: (Time is in decaauts)
 A = Elapsed time spent in this place.
 B = Non-inter-level travel time spent in this place.
 C = Inter-level travel time spent in this place.
 D = Time resting spent in this place.
 E = Time spent auto-exploring this place.
 F = Levels seen in this place.
 G = Mean time per level.
                   A        B        C        D        E       F      G
               +--------+--------+--------+--------+--------+-----+--------+
         Total |  10970 |  10680 |    290 |   3384 |   5627 |   9 | 1218.9 |
       Dungeon |  10775 |  10509 |    266 |   3384 |   5460 |   8 | 1346.9 |
        Temple |    194 |    171 |     23 |      0 |    167 |   1 |  194.0 |
               +--------+--------+--------+--------+--------+-----+--------+

Top non-repeatable levels by time:
     D:2: 2198 daAuts
     D:1: 1753 daAuts
     D:5: 1604 daAuts
     D:4: 1409 daAuts
     D:3: 1367 daAuts
     D:6: 863 daAuts
     D:7: 814 daAuts
     D:8: 764 daAuts
  Temple: 194 daAuts
